 Dungeon Crawl Stone Soup version 0.30.0-29-ga12c61a403 (webtiles) character file.

Game seed: 5114135764871439844

7 cheesebisquit the Ruffian (level 1, -1/16 HPs)
             Began as a Draconian Transmuter on June 9, 2023.
             Succumbed to an adder's poison
             ... on level 2 of the Dungeon.
             The game lasted 00:01:49 (951 turns).

cheesebisquit the Ruffian (Draconian Transmuter)     Turns: 951, Time: 00:01:50

Health: -1/16      AC:  4    Str: 12    XL:     1   Next: 91%
Magic:  2/3        EV: 12    Int: 13    God:
Gold:   79         SH:  0    Dex: 11    Spells: 3/4 levels left

rFire   . .          .
                       - Unarmed
rCold   . . .        (no shield)
rNeg    . . .        (body armour unavailable)
rPois   .            (helmet currently unavailable)
rElec   .            (no cloak)
rCorr   .            (no gloves)
SInv    .            (boots currently unavailable)
Will    .....        (no amulet)
Stlth   +            (no ring)
HPRegen 0.22/turn    (no ring)
MPRegen 0.08/turn

%: no passive effects
@: lethally poisoned (-1 -> -16), appendages
A: horns 2, talons 2, AC +4, unfitting armour, cold-blooded
a: End Transformation


You were on level 2 of the Dungeon.
You had temporarily grown beastly horns and talons.
You visited 1 branch of the dungeon, and saw 2 of its levels.

You collected 79 gold pieces.

Inventory:

Scrolls
 b - 2 scrolls of identify {unknown}
 c - a scroll of noise {unknown}
 e - a scroll of teleportation {unknown}
 f - a scroll of enchant armour {unknown}
Potions
 a - a potion of lignification
 d - a potion of brilliance {unknown}
 g - a potion of haste {unknown}
 h - a potion of curing {unknown}


   Skills:
 + Level 1.4 Fighting
 - Level 1.7 Dodging
 + Level 3.1 Unarmed Combat
 + Level 2.1 Spellcasting
 + Level 2.1 Transmutations


You had 3 spell levels left.
You knew the following spells:

 Your Spells              Type           Power      Damage    Failure   Level
a - Beastly Appendage     Tmut           14%        N/A       11%         1

Your spell library contained the following spells:

 Spells                   Type           Power      Damage    Failure   Level
 Wereblood                Tmut           7%         N/A       16%         2
 Spider Form              Tmut/Pois      4%         N/A       43%         3
 Ice Form                 Ice/Tmut       4%         N/A       85%         4
 Animate Dead             Necr           1%         N/A       94%         4
 Borgnjor's Vile Clutch   Necr/Erth      0%         N/A       100%        5
 Death Channel            Necr           0%         N/A       100%        6


Dungeon Overview and Level Annotations

Branches:
Dungeon (2/15)

Altars:


Innate Abilities, Weirdness & Mutations

You have temporarily grown beastly horns and talons.
Your plain brown scales are hard. (AC +4)
You cannot fit into any form of body armour.
You are cold-blooded and may be slowed by cold attacks.


Message History

The ball python constricts you.
You hit the ball python. Your kick misses the ball python.
You headbutt the ball python.
You kill the ball python!
Your transformation is almost over.
You pick up a book of Unlife and begin reading...
You add the spells Animate Dead, Borgnjor's Vile Clutch and Death Channel to your library.
Your horns disappear.
Your talons disappear.
An adder comes into view.
The adder hisses angrily.
The adder closely misses you.
You grow a pair of large bovine horns.
Your feet morph into talons.
The adder bites you.
You barely miss the adder. The adder barely misses you.
You barely miss the adder. You claw the adder.
Your tail-slap misses the adder.
The adder is moderately wounded.
The adder barely misses you. The adder bites you.
You are poisoned.
The adder poisons you!
You hit the adder.
Your tail-slap misses the adder.
The adder is severely wounded.
You feel sick. The adder bites you.
You miss the adder. Your kick misses the adder.
The adder is severely wounded.
You feel sick. The adder bites you.
You are lethally poisoned!
The adder poisons you!
You completely miss the adder. Your kick misses the adder.
Your tail-slap misses the adder.
The adder is severely wounded.
* * * LOW HITPOINT WARNING * * *
You feel very sick. The adder bites you.
* * * LOW HITPOINT WARNING * * *
You are more poisoned.
The adder poisons you!
Okay, then.
You hit the adder but do no damage. You claw the adder.
You kill the adder!
You die...

# #.## ##
.#. .##
..#.. ...
#†# #@#
#.# #.#
##.#######
#.........
#..
#.########
..# #.# ##
#.# #.#


There were no monsters in sight!

Vanquished Creatures
  An adder (D:2)
  An endoplasm (D:1)
  A hobgoblin (D:2)
  A quokka (D:1)
  A ball python (D:2)
  A bat (D:1)
  2 kobolds (D:1)
8 creatures vanquished.

Notes
Turn   | Place    | Note
-------+----------+-------------------------------------------
     0 | D:1      | cheesebisquit the Draconian Transmuter began the quest for
                  | the Orb.
     0 | D:1      | Reached XP level 1. HP: 16/16 MP: 3/3
   951 | D:2      | Succumbed to an adder's poison

Illustrated notes

Levels and vault maps discovered:
D:1:      wander_arrival_abandoned_jail, layout_basic
D:2:      layout_loops_ring, basic_ecumenical_altar, basic_altar, uniq_jessica

Action                     || total
---------------------------++-------
  Melee: Unarmed           ||    19
         Kick              ||     4
         Headbutt          ||     3
         Tailslap          ||     2
         Punch             ||     1
   Cast: Beastly Appendage ||     8
 Armour: Skin              ||     5
  Dodge: Dodged            ||    14
